 Dungeon Crawl Stone Soup version 0.28.0-53-g5a82cb258f (webtiles) character file.

Game seed: 13294262760663118391

3987 mcbry74 the Basher (level 10, 0/78 HPs)
             Began as a Hill Orc Fighter on July 8, 2022.
             Was a Priest of Trog.
             Succumbed to Grum's poison
             ... on level 9 of the Dungeon.
             The game lasted 00:24:23 (8672 turns).

mcbry74 the Basher (Hill Orc Fighter)               Turns: 8672, Time: 00:24:23

Health: 0/78       AC: 17    Str: 24    XL:     10   Next: 22%
Magic:  10/10      EV:  7    Int: 14    God:    Trog [***...]
Gold:   426        SH:  5    Dex: 10    Spells: 9/9 levels left

rFire   . . .      SeeInvis .   B - +3 flail
rCold   . . .      Faith    .   c - +0 buckler
rNeg    + . .      Spirit   .   y - +0 plate armour
rPois   .          Reflect  .   (no helmet)
rElec   .          Harm     .   m - +2 cloak
rCorr   .          Rampage  .   (no gloves)
Will    .....                   (no boots)
Stlth   ..........              o - amulet of regeneration
HPRegen 1.03/turn               r - +6 ring of intelligence
MPRegen 0.12/turn               i - ring of positive energy

@: lethally poisoned (0 -> -28)
A: no striking features
a: Renounce Religion, Berserk, Trog's Hand


You were on level 9 of the Dungeon.
You worshipped Trog.
Trog was most pleased with you.
You visited 1 branch of the dungeon, and saw 9 of its levels.

You collected 426 gold pieces.

Inventory:

Hand Weapons
 d - a +3 dire flail of protection
 e - the +2 mace of the Lost Places {flame, +Blink rF++ Will- SInv}
   (You found it on level 7 of the Dungeon)

   It burns those it strikes, dealing additional fire damage.
   rF:        It greatly protects you from fire.
   SInv:      It lets you see invisible.
   +Blink:    It lets you blink.
   Will:      It decreases your willpower.
 A - a +4 dire flail
 B - a +3 flail (weapon)
Missiles
 b - a boomerang (quivered)
 D - 76 stones
 F - 5 javelins
 H - a throwing net
Armour
 c - a +0 buckler (worn)
 l - a +1 leather armour of cold resistance
 m - a +2 cloak (worn)
 y - a +0 plate armour (worn)
Jewellery
 i - a ring of positive energy (right hand)
 o - an amulet of regeneration (around neck)
 r - a +6 ring of intelligence (left hand)
 s - a ring of fire
Wands
 w - a wand of iceblast (15)
 E - a wand of paralysis (14)
 G - a wand of acid (11)
Scrolls
 f - 2 scrolls of fear
 n - a scroll of fog
 p - a scroll of immolation
 q - 4 scrolls of teleportation
 z - 2 scrolls of enchant weapon
 C - 2 scrolls of blinking
Potions
 a - a potion of haste
 g - a potion of flight
 h - 2 potions of curing
 j - 2 potions of cancellation
 k - 2 potions of attraction
 t - a potion of mutation {unknown}
 u - a potion of berserk rage {unknown}
 v - a potion of lignification {unknown}
 x - a potion of brilliance {unknown}


   Skills:
 - Level 4.0 Fighting
 * Level 12.6 Maces & Flails
 + Level 9.4 Armour
 - Level 5.0 Shields


You had 9 spell levels left.
You didn't know any spells.
Your spell library was empty.

Dungeon Overview and Level Annotations

Branches:
Dungeon (9/15)             Temple (0/1) D:7
   Lair: D:8-11         Orc: D:9-12

Altars:
Cheibriados
Elyvilon
Fedhas
Kikubaaqudgha
Qazlal
Trog
Uskayaw
Yredelemnul
Zin
The Shining One

Shops:
D:4 :   D:5 *

Annotations:
D:7 1 runed translucent door, exclusion: 4 orange crystal statues
D:9 Grum


Message History

The wolf is almost dead.
You feel sick. The wolf bites you but does no damage.
Grum hits you but does no damage.
You closely miss the wolf.
The wolf is almost dead.
You feel sick. The wolf bites you! The wolf bites you but does no damage.
You miss the wolf.
The wolf is almost dead.
You feel sick. The wolf bites you. You block Grum's attack.
You feel sick. The wolf bites you but does no damage.
You feel sick. The wolf completely misses you.
You feel sick.
You feel sick.
You are no longer poisoned.
Grum closely misses you. The wolf barely misses you.
You hit Grum.
Grum is lightly wounded.
The wolf bites you but does no damage. Grum hits you but does no damage.
You are poisoned.
The wolf closely misses you.
You barely miss Grum.
Grum is lightly wounded.
You feel sick. The wolf bites you but does no damage.
Grum hits you with a +1 spear of venom!
You are more poisoned.
You hit Grum.
Grum is moderately wounded.
You feel very sick. The wolf bites you but does no damage.
Grum hits you with a +1 spear of venom!
You are lethally poisoned!
You barely miss Grum.
Grum is moderately wounded.
You feel extremely sick. The wolf barely misses you.
The wolf bites you but does no damage. Grum closely misses you.
* * * LOW HITPOINT WARNING * * *
You feel extremely sick.
Grum hits you from afar with a +1 spear of venom!
* * * LOW HITPOINT WARNING * * *
You die...

#.#.# #.#.# #.#.#
#######.#h#
........#h#
........#h#
#######h#h#
.........g#
################@###
.).........# #.#
.#########.# #.#
.#.......#.# #.#
.#.#####.#.#####.#
.#.# #.#.......#
)#.# #.#######.#
.#.# #.# ### .#.#
#.#


You could see Grum and 3 wolves.

Vanquished Creatures
  A two-headed ogre (D:7)
  Grinder (D:3)
  Prince Ribbit (D:6)
  Edmund (D:6)
  2 water moccasins
  3 orc warriors
  A sky beast (D:7)
  3 ice beasts
  A black bear (D:7)
  2 hornet zombies
  2 ogres
  2 centaurs
  A scorpion (D:5)
  3 bullfrogs
  5 wights (D:6)
  4 howler monkeys
  A hound (D:7)
  A jelly (D:5)
  A bullfrog skeleton (D:6)
  4 orc priests
  Crazy Yiuf (D:3)
  Jessica (D:3)
  A centaur skeleton (D:6)
  2 gnoll shamans (D:8)
  2 iguanas
  8 orc wizards
  2 howler monkey zombies
  9 gnolls (D:8)
  5 adders
  A shadow imp (D:8)
  A white imp (D:5)
  2 adder zombies (D:5)
  A worm (D:2)
  3 dart slugs
  26 orcs
  5 endoplasms
  4 giant cockroaches
  6 goblins
  7 hobgoblins
  7 kobolds
  3 quokkas
  11 ball pythons
  6 bats
  2 frilled lizards (D:2)
  4 rats
160 creatures vanquished.

Vanquished Creatures (others)
  4 plants (D:7)
4 creatures vanquished.

Grand Total: 164 creatures vanquished

Notes
Turn   | Place    | Note
-------+----------+-------------------------------------------
     0 | D:1      | mcbry74 the Hill Orc Fighter began the quest for the Orb.
     0 | D:1      | Reached XP level 1. HP: 19/19 MP: 1/1
   380 | D:1      | Reached XP level 2. HP: 23/27 MP: 2/2
   571 | D:1      | Found a faded altar of an unknown god.
   608 | D:1      | Prayed at the altar of an unknown god.
   608 | D:1      | Became a worshipper of Trog the Wrathful
   608 | D:1      | Reached * piety under Trog
   966 | D:1      | Reached XP level 3. HP: 33/33 MP: 3/3
  1203 | D:2      | Reached skill level 3 in Maces & Flails
  1249 | D:2      | Found an ancient bone altar of Kikubaaqudgha.
  1870 | D:3      | Reached XP level 4. HP: 40/40 MP: 4/4
  1870 | D:3      | Noticed Grinder
  2272 | D:3      | Noticed Jessica
  2326 | D:3      | Killed Jessica
  2326 | D:3      | Reached ** piety under Trog
  2327 | D:3      | Reached skill level 4 in Maces & Flails
  2327 | D:3      | Reached XP level 5. HP: 30/46 MP: 5/5
  2405 | D:3      | Paralysed by Grinder for 3 turns
  2453 | D:3      | Killed Grinder
  2454 | D:3      | Reached skill level 5 in Maces & Flails
  2454 | D:3      | Reached XP level 6. HP: 52/52 MP: 6/6
  2809 | D:3      | Found a runed translucent door.
  2810 | D:3      | Noticed Crazy Yiuf
  3033 | D:3      | Found a glowing silver altar of Zin.
  3033 | D:3      | Found a glowing golden altar of the Shining One.
  3033 | D:3      | Found a white marble altar of Elyvilon.
  3245 | D:3      | Killed Crazy Yiuf
  3305 | D:4      | Found a stormy altar of Qazlal.
  3415 | D:4      | Found Yvvum's Self-Improvement Boutique.
  3571 | D:4      | Reached skill level 5 in Armour
  3571 | D:4      | Reached skill level 5 in Shields
  3571 | D:4      | Reached XP level 7. HP: 55/59 MP: 7/7
  3761 | D:5      | Entered Level 5 of the Dungeon
  3767 | D:5      | Reached skill level 6 in Maces & Flails
  4007 | D:5      | Found Zyfukli's General Store.
  4057 | D:5      | Reached skill level 7 in Maces & Flails
  4648 | D:6      | Reached XP level 8. HP: 62/66 MP: 8/8
  4777 | D:6      | Found a hide-covered altar of Uskayaw.
  4843 | D:6      | Found a snail-covered altar of Cheibriados.
  4843 | D:6      | Noticed Edmund
  4864 | D:6      | Killed Edmund
  4872 | D:6      | Reached skill level 8 in Maces & Flails
  5133 | D:6      | Noticed Prince Ribbit
  5144 | D:6      | Killed Prince Ribbit
  5354 | D:6      | Found a basalt altar of Yredelemnul.
  5457 | D:6      | Reached skill level 9 in Maces & Flails
  5637 | D:6      | Found a blossoming altar of Fedhas.
  6038 | D:6      | Reached XP level 9. HP: 60/71 MP: 9/9
  6220 | D:7      | Reached skill level 10 in Maces & Flails
  6285 | D:7      | Noticed a two-headed ogre
  6292 | D:7      | Killed a two-headed ogre
  6454 | D:7      | Reached skill level 11 in Maces & Flails
  6572 | D:7      | Found a runed translucent door.
  6605 | D:7      | Found the +10 tower shield of Ignorance {rN+ Int-4}
  6620 | D:7      | Noticed an orange crystal statue
  6620 | D:7      | Noticed an orange crystal statue
  6620 | D:7      | Noticed an orange crystal statue
  6620 | D:7      | Noticed an orange crystal statue
  6635 | D:7      | Found a runed translucent door.
  6859 | D:7      | Found a staircase to the Ecumenical Temple.
  7025 | D:7      | Identified the +2 mace of the Lost Places {flame, +Blink
                  | rF++ Will- SInv}
  7107 | D:7      | Reached skill level 12 in Maces & Flails
  7107 | D:7      | Reached XP level 10. HP: 78/78 MP: 10/10
  7430 | D:8      | Found a bloodstained altar of Trog.
  7523 | D:8      | Reached *** piety under Trog
  8648 | D:9      | Noticed Grum
  8672 | D:9      | Succumbed to Grum's poison

Illustrated notes

Levels and vault maps discovered:
D:1:      tarquinn_simple_flora_water_b, layout_loops_corners,
          chequers_ecumenical_altar_grove, minmay_pentomino_w2
D:2:      layout_basic, basic_altar, hex_large
D:3:      layout_loops_cross, good_gods_mini_temple, minmay_misc_feat_plants,
          uniq_crazy_yiuf_cottage, uniq_grinder, uniq_jessica
D:4:      layout_rooms, nicolae_qazlal_scattered_showers, nicolae_shop_self_help
D:5:      layout_basic, serial_shops, kennysheep_little_box, kennysheep_boxes
D:6:      layout_loops_corners, amethyst_overflow_temple_binary,
          lemuel_coloured_pillars_altar, mainiacjoe_overflow_catwalk,
          uniq_edmund, uniq_prince_ribbit1
D:7:      layout_loops_corners, minmay_temple_entry_overgrown,
          chequers_guarded_unrand_ignorance
D:8:      layout_layer_cave, overflow_temple_1_default
D:9:      layout_basic, lair_entry_dummy, minmay_orc_entry_guard_dogs,
          serial_shops, nicolae_shop_waterfront, minivault_15,
          kennysheep_minor_cross, hangedman_decor_peaks_small, uniq_pikel,
          uniq_gastronok, uniq_grum

Skill      XL: |  1  2  3  4  5  6  7  8  9 |
---------------+----------------------------+-----
Fighting       | 4 |  4.0
Maces & Flails | 3 4 5 7 9 12 | 12.6
Armour         | 4 5 7 9 |  9.4
Shields        | 4 5 |  5.0

Action                   |  1- 3 |  4- 6 |  7- 9 | 10-12 || total
-------------------------+-------+-------+-------+-------++-------
Melee: Flail             |   122 |   118 |   320 |   153 ||   713
Throw: Boomerang         |       |       |    19 |       ||    19
Invok: Berserk           |       |     2 |     3 |       ||     5
       Trog's Hand       |       |       |     2 |       ||     2
  Use: Potion            |       |       |     2 |       ||     2
       Scroll            |       |       |     8 |     2 ||    10
Armor: Scale mail        |    71 |    54 |    26 |       ||   151
       Plate armour      |       |       |    97 |    80 ||   177
Dodge: Dodged            |    63 |    48 |    69 |    51 ||   231
Block: Buckler           |    23 |    28 |    44 |    27 ||   122
